[Event "Team 45 45 League T44"]
[Site "Internet Chess Club"]
[Date "2010.02.21"]
[Round "3"]
[White "oldsj"]
[Black "dinkola"]
[Result "0-1"]
[WhiteElo "1551"]
[BlackElo "1695"]
[Opening "Alekhine's defense: four pawns attack"]
[ECO "B02"]
[Time "09:00:15"]
[TimeControl "2700+45"]

1. e4 Nf6 2. e5 Nd5 3. c4 Nb6 4. d4 d6 5. f4 dxe5 6. fxe5 Bf5 7. Nc3 Nc6 8. Be3
e6 9. Nf3 Be7 10. d5 Na5 11. Nd4 O-O 12. Nxf5 exf5 13. Bd3 Nbxc4 14. Qe2 Nxe5
15. Bxf5 Bg5 16. Bxg5 Qxg5 17. O-O Nac4 18. Rae1 Rfe8 19. Ne4 Qh6 20. b3 Nd6 21.
Nxd6 cxd6 22. Qb5 Re7 23. Qb4 Rae8 24. Qc3 b6 25. Qg3 g6 26. Be4 Qg7 27. b4 Nc4
28. Qd3 Nd2 29. Qxd2 Rxe4 30. Qf2 Rxe1 31. Rxe1 Rxe1+ 32. Qxe1 Qd4+ 33. Kf1 Qxd5
34. Qe8+ Kg7 35. Qa4 Qc4+ 36. Kg1 a5 37. a3 axb4 38. axb4 b5 39. Qa1+ Kh6 40.
Qe1 d5 41. h3 d4 42. Qh4+ Kg7 43. Qe4 d3 44. Qe5+ f6 45. Qe7+ Kh6 46. Qe3+ g5
47. Qd2 Qd4+ 48. Kh1 Qa1+ 49. Kh2 Qe5+ 50. Kh1 Qe2 51. Qc3 Qf1+ 52. Kh2 Qf4+ 53.
Kh1 d2 54. Qxd2 Qxd2 55. Kh2 Qxb4 {White resigns} 0-1

[Event "Team 45 45 League T44"]
[Site "Internet Chess Club"]
[Date "2010.02.22"]
[Round "3"]
[White "slipkid"]
[Black "rom1"]
[Result "1-0"]
[WhiteElo "1558"]
[BlackElo "1525"]
[Opening "Alekhine's defense: modern variation, 4...Bg4"]
[ECO "B05"]
[Time "14:00:12"]
[TimeControl "2700+45"]

1. e4 Nf6 2. e5 Nd5 3. d4 d6 4. Nf3 Bg4 5. Be2 e6 6. c4 Nb6 7. Nc3 dxe5 8. dxe5
Nc6 9. Qxd8+ Rxd8 10. Bg5 Be7 11. Bxe7 Kxe7 12. c5 Nd5 13. Nb5 a6 14. Nbd4 Nxd4
15. Nxd4 Bxe2 16. Nxe2 Nb4 17. O-O Nd3 18. f4 Nxc5 19. Rac1 b6 20. b4 {Black
forfeits on time} 1-0

[Event "Team 45 45 League T44"]
[Site "Internet Chess Club"]
[Date "2010.02.20"]
[Round "3"]
[White "Just-Jim"]
[Black "houseofcook"]
[Result "0-1"]
[WhiteElo "1367"]
[BlackElo "1463"]
[Opening "French: advance variation"]
[ECO "C02"]
[Time "11:00:16"]
[TimeControl "2700+45"]

1. e4 e6 2. d4 d5 3. e5 c5 4. c3 Qb6 5. b3 Nc6 6. Nf3 cxd4 7. cxd4 Nh6 8. Bxh6
gxh6 9. Nc3 Bg7 10. Bb5 Bd7 11. Qd2 O-O 12. O-O a6 13. Bxc6 Bxc6 14. Nh4 f6 15.
f4 fxe5 16. Kh1 exf4 17. Rxf4 Rxf4 18. Qxf4 Rf8 19. Qg4 Bd7 20. Rd1 Qc7 21. Nf3
Qxc3 22. Ne5 Bc8 23. h4 Qe3 24. Rd3 Qf4 25. Rg3 Qxg4 26. Rxg4 Kh8 27. Nf3 e5 28.
Rg3 e4 29. Ne5 Bxe5 30. dxe5 Bf5 31. Rc3 d4 32. Rc4 d3 33. g4 d2 34. Rd4 e3 35.
gxf5 e2 36. Rxd2 e1=Q+ 37. Kh2 Qxd2+ {White resigns} 0-1

[Event "Team 45 45 League T44"]
[Site "Internet Chess Club"]
[Date "2010.02.21"]
[Round "3"]
[White "werty"]
[Black "cobra2008"]
[Result "1/2-1/2"]
[WhiteElo "1536"]
[BlackElo "1735"]
[Opening "Queen's pawn game"]
[ECO "D05"]
[Time "14:32:26"]
[TimeControl "2700+45"]

1. d4 d5 2. Nf3 Nf6 3. e3 e6 4. Bd3 Be7 5. c3 O-O 6. Nbd2 c5 7. O-O Nc6 8. Re1
c4 9. Bc2 b5 10. e4 Qc7 11. e5 Nd7 12. Nf1 b4 13. Ng5 h6 14. Nf3 a5 15. Bf4 Ba6
16. Qd2 Rfe8 17. Bxh6 {Game drawn by mutual agreement} 1/2-1/2

[Event "Team 45 45 League T44"]
[Site "Internet Chess Club"]
[Date "2010.02.18"]
[Round "3"]
[White "eurander"]
[Black "Pason"]
[Result "0-1"]
[WhiteElo "2198"]
[BlackElo "2143"]
[Opening "Sicilian: Alapin's variation (2.c3)"]
[ECO "B22"]
[Time "14:01:23"]
[TimeControl "2700+45"]

1. e4 c5 2. c3 Nf6 3. e5 Nd5 4. d4 cxd4 5. cxd4 d6 6. Nf3 Bg4 7. Bc4 e6 8. Nc3
Nb6 9. Bb5+ N8d7 10. O-O a6 11. Be2 d5 12. Bg5 Be7 13. Bxe7 Qxe7 14. Rc1 O-O 15.
h3 Bh5 16. Bd3 Rac8 17. g4 Bg6 18. Bxg6 fxg6 19. Kg2 Nb8 20. b3 Nc6 21. Qd2 h6
22. g5 Qf7 23. Nh4 Qf4 24. Qxf4 Rxf4 25. Nxg6 Rxd4 26. Ne2 Rd2 27. Rxc6 bxc6 28.
Ne7+ Kf7 29. Nxc8 Nxc8 30. gxh6 gxh6 31. Nc1 Ne7 32. Re1 Kg6 33. Kf3 Nf5 34. a3
a5 35. Rg1+ Kf7 36. Rg4 Rd1 37. Ne2 Rd3+ 38. Kg2 Rxb3 39. Ra4 Rb2 40. Nc3 Ne3+
41. Kf3 Nc4 {White resigns} 0-1

[Event "Team 45 45 League T44"]
[Site "Internet Chess Club"]
[Date "2010.02.23"]
[Round "3"]
[White "alastorx"]
[Black "pestka"]
[Result "1/2-1/2"]
[WhiteElo "2054"]
[BlackElo "2218"]
[Opening "Queen's pawn game"]
[ECO "D02"]
[Time "15:32:27"]
[TimeControl "2700+45"]

1. d4 d5 2. Nf3 c6 3. e3 Bf5 4. c4 e6 5. Nc3 Nd7 6. Be2 Bd6 7. Qb3 Rb8 8. O-O
Ngf6 9. Bd2 O-O 10. Rfe1 Ne4 11. Rad1 Qe7 12. a3 h6 13. h3 Rfe8 14. Nxe4 Bxe4
15. cxd5 exd5 16. Rc1 Nf8 17. Nh2 Ng6 18. f3 Bf5 19. Bd3 Qg5 20. Bxf5 Qxf5 21.
Qc2 Qxc2 22. Rxc2 Bg3 23. Rec1 Bxh2+ 24. Kxh2 Nh4 25. Rc3 Re6 26. Rb3 Nf5 27.
Rc5 Kf8 28. Ra5 a6 29. Rxa6 Nxe3 30. Bxe3 Rxe3 31. Rxe3 bxa6 32. b4 a5 33. Kg3
axb4 34. Rb3 Ke7 35. Kf4 Kd6 36. axb4 Ra8 37. Rb2 Ra7 38. h4 Kc7 39. h5 Ra8 40.
g4 Re8 41. Rc2 Rb8 42. Rb2 Re8 43. Rc2 Rb8 {Game drawn by mutual agreement}
1/2-1/2

[Event "Team 45 45 League T44"]
[Site "Internet Chess Club"]
[Date "2010.02.21"]
[Round "3"]
[White "Duguesclin"]
[Black "Egmont"]
[Result "1-0"]
[WhiteElo "1629"]
[BlackElo "1742"]
[Opening "QGD Slav defense"]
[ECO "D10"]
[Time "11:01:03"]
[TimeControl "2700+45"]

1. d4 d5 2. c4 c6 3. Nc3 Nf6 4. Bf4 Nbd7 5. Nf3 Nb6 6. c5 Nbd7 7. h3 Ne4 8. Nxe4
dxe4 9. Nd2 Nf6 10. e3 Bf5 11. Be2 h6 12. O-O e6 13. Nc4 Be7 14. Nd6+ Bxd6 15.
Bxd6 Nd5 16. a3 b6 17. b4 Ne7 18. Ba6 Nc8 19. Bb7 Nxd6 20. Bxc6+ Ke7 21. Bxa8
Qxa8 22. cxd6+ Kxd6 23. Rc1 Rd8 24. Qa4 Ke7 25. Rc7+ Kf8 26. Rfc1 e5 27. Rxa7
Qb8 28. Rcc7 Bg6 29. Rab7 Qa8 30. Qxa8 Rxa8 31. dxe5 Kg8 32. e6 {Black resigns}
1-0

[Event "Team 45 45 League T44"]
[Site "Internet Chess Club"]
[Date "2010.02.21"]
[Round "3"]
[White "BrerRabbit"]
[Black "tourettes"]
[Result "0-1"]
[WhiteElo "1474"]
[BlackElo "1529"]
[Opening "English opening"]
[ECO "A13"]
[Time "15:01:26"]
[TimeControl "2700+45"]

1. c4 e6 2. g3 Nf6 3. Bg2 c5 4. Nf3 Be7 5. O-O O-O 6. Nc3 Nc6 7. d4 cxd4 8. Nxd4
Qb6 9. e3 Rd8 10. Nde2 a6 11. b3 Qc7 12. Bb2 b6 13. Rc1 Bb7 14. Qc2 Nb4 15. Qb1
Bxg2 16. Kxg2 Qb7+ 17. Kg1 d5 18. cxd5 Nbxd5 19. e4 Nb4 20. Rcd1 Nc6 21. Qc1 Ne5
22. Qb1 Nf3+ 23. Kg2 Nd2 24. Qc2 Nxf1 25. Rxf1 Rd7 26. f3 Rad8 27. Bc1 h6 28.
Be3 Rd3 29. Kf2 Rxe3 30. Kxe3 Bc5+ 31. Kf4 Qc7+ 32. e5 g5# {White checkmated}
0-1

[Event "Team 45 45 League T44"]
[Site "Internet Chess Club"]
[Date "2010.02.21"]
[Round "3"]
[White "SuperJEM"]
[Black "Zumbi"]
[Result "1/2-1/2"]
[WhiteElo "2151"]
[BlackElo "2040"]
[Opening "English opening"]
[ECO "A13"]
[Time "20:10:31"]
[TimeControl "2700+45"]

1. c4 e6 2. Nc3 d5 3. cxd5 exd5 4. d4 c6 5. Nf3 Nf6 6. Bg5 Be7 7. e3 Bf5 8. Bd3
Bxd3 9. Qxd3 Nbd7 10. O-O O-O 11. Rab1 a5 12. a3 Ne4 13. Bxe7 Qxe7 14. Nd2 f5
15. f3 Nxd2 16. Qxd2 Rae8 17. Rbe1 Qg5 18. Nd1 a4 19. Nf2 Rf6 20. f4 Qh5 21. Nd3
Rh6 22. g3 Nf6 23. Ne5 Ne4 24. Qe2 {Game drawn by mutual agreement} 1/2-1/2

[Event "Team 45 45 League T44"]
[Site "Internet Chess Club"]
[Date "2010.02.18"]
[Round "3"]
[White "Ptzz"]
[Black "GreatPelle"]
[Result "0-1"]
[WhiteElo "2047"]
[BlackElo "2022"]
[Opening "Dutch: Ilyin-Genevsky variation with b3"]
[ECO "A99"]
[Time "16:30:31"]
[TimeControl "2700+45"]

1. d4 e6 2. c4 f5 3. g3 Nf6 4. Bg2 Be7 5. Nf3 O-O 6. O-O Qe8 7. Nc3 d6 8. b3 Qh5
9. Qc2 Nc6 10. a3 e5 11. dxe5 dxe5 12. Nb5 e4 13. Nfd4 Nxd4 14. Nxd4 Ng4 15. h3
Ne5 16. Bf4 Bf6 17. Rad1 g5 18. Bc1 f4 19. g4 Bxg4 20. hxg4 Nxg4 21. Rfe1 Bxd4
22. Rxd4 f3 23. exf3 exf3 24. Re7 Qh2+ 25. Kf1 fxg2+ {White resigns} 0-1

[Event "Team 45 45 League T44"]
[Site "Internet Chess Club"]
[Date "2010.02.20"]
[Round "3"]
[White "Darkwizard1"]
[Black "cwsryan"]
[Result "1-0"]
[WhiteElo "1906"]
[BlackElo "1932"]
[Opening "Two knights defense"]
[ECO "C58"]
[Time "13:00:16"]
[TimeControl "2700+45"]

1. e4 e5 2. Nf3 Nc6 3. Bc4 Nf6 4. Ng5 d5 5. exd5 Na5 6. Bb5+ c6 7. dxc6 bxc6 8.
Bd3 h6 9. Ne4 Nxe4 10. Bxe4 Bc5 11. O-O O-O 12. a3 f5 13. b4 Bxf2+ 14. Rxf2 fxe4
15. Rxf8+ Kxf8 16. Bb2 Nc4 17. Qf1+ Ke8 18. Qxc4 Qb6+ 19. Qc5 {Black resigns}
1-0

[Event "Team 45 45 League T44"]
[Site "Internet Chess Club"]
[Date "2010.02.21"]
[Round "3"]
[White "Guoruey"]
[Black "kidviper"]
[Result "0-1"]
[WhiteElo "1962"]
[BlackElo "1906"]
[Opening "Scandinavian (center counter) defense"]
[ECO "B01"]
[Time "13:04:18"]
[TimeControl "2700+45"]

1. e4 d5 2. exd5 Qxd5 3. Nc3 Qa5 4. d4 Nf6 5. Bd2 c6 6. Nf3 Bg4 7. Bc4 Qc7 8.
O-O e6 9. Re1 Be7 10. Qe2 O-O 11. h3 Bf5 12. Nh4 Bg6 13. Nxg6 hxg6 14. d5 cxd5
15. Bxd5 Bc5 16. Bf3 a6 17. Rad1 Nc6 18. Be3 Bxe3 19. Qxe3 Rfd8 20. a3 Rac8 21.
Na4 Rxd1 22. Rxd1 Rd8 23. Rxd8+ Qxd8 24. Nc5 Qc7 25. b4 Nd7 26. Kf1 Kf8 27. Bxc6
Qxc6 28. Qd4 Nxc5 29. Qxc5+ Qxc5 30. bxc5 Ke7 31. Ke2 Kd7 32. Kd3 Kc6 33. Kc4 e5
34. g4 g5 35. f3 g6 36. a4 a5 37. c3 f6 38. Kd3 {White resigns} 0-1

[Event "Team 45 45 League T44"]
[Site "Internet Chess Club"]
[Date "2010.02.20"]
[Round "3"]
[White "SATELLITE-DAN"]
[Black "Bible-Believer"]
[Result "1-0"]
[WhiteElo "1555"]
[BlackElo "1542"]
[Opening "French: exchange variation"]
[ECO "C01"]
[Time "15:01:25"]
[TimeControl "2700+45"]

1. e4 e6 2. d4 d5 3. exd5 exd5 4. Nc3 c6 5. Nf3 Bd6 6. Bg5 f6 7. Be3 Ne7 8. Bd3
Bf5 9. O-O Bxd3 10. Qxd3 O-O 11. Ne2 Qd7 12. Rac1 Re8 13. Bf4 Ng6 14. Be3 Qf7
15. h4 Ne7 16. Bf4 Qe6 17. Qb3 Qd7 18. Bxd6 Qxd6 19. Qxb7 Nd7 20. Qa6 Reb8 21.
Rb1 Rb6 22. Qd3 Rab8 23. b3 R6b7 24. h5 f5 25. Nh4 Qf6 26. g3 Qg5 27. Nf4 Nf6
28. Qf3 Ne4 29. Qd3 Kh8 30. c4 dxc4 31. bxc4 Rxb1 32. Rxb1 Rxb1+ 33. Qxb1 Nxg3
34. fxg3 Qxg3+ 35. Nfg2 f4 36. Qb8+ Ng8 37. Nf5 Qg4 38. Qxf4 Qd1+ 39. Qf1 Qxh5
40. Nd6 Nf6 41. Qb1 h6 42. Ne4 Ng4 43. Qb8+ Kh7 44. Qg3 Kg8 45. Nf4 Qf5 46. Nf2
Nf6 47. Kh2 Qc2 48. Ne6 Qh7 49. Qb8+ Kf7 50. d5 cxd5 51. cxd5 Qg6 52. Qf8#
{Black checkmated} 1-0

[Event "Team 45 45 League T44"]
[Site "Internet Chess Club"]
[Date "2010.02.21"]
[Round "3"]
[White "joshtournman"]
[Black "alaskauk"]
[Result "1-0"]
[WhiteElo "1452"]
[BlackElo "1475"]
[Opening "Caro-Kann: advance variation"]
[ECO "B12"]
[Time "13:59:53"]
[TimeControl "2700+45"]

1. d4 c6 2. e4 d5 3. e5 Bf5 4. Bd3 Bxd3 5. cxd3 e6 6. Nc3 Bb4 7. Ne2 Nd7 8. a3
Be7 9. O-O Bg5 10. f4 Be7 11. f5 Qc7 12. fxe6 fxe6 13. Nf4 Nf8 14. Qg4 g6 15.
Nxe6 Nxe6 16. Qxe6 Rd8 17. Qf7+ Kd7 18. Qg7 Nh6 19. Bxh6 Kc8 20. Rf7 Rdg8 21.
Rxe7 Rxg7 22. Rxc7+ Rxc7 23. Re1 Re8 24. Ne2 Rf7 25. Nf4 b6 26. e6 Rc7 27. Bg5
Kb7 28. e7 Rcc8 29. Ne6 Rg8 30. Nd8+ {Black resigns} 1-0

[Event "Team 45 45 League T44"]
[Site "Internet Chess Club"]
[Date "2010.02.20"]
[Round "3"]
[White "otib2006"]
[Black "chesskix"]
[Result "1-0"]
[WhiteElo "1284"]
[BlackElo "1329"]
[Opening "Queen's pawn game"]
[ECO "D04"]
[Time "10:00:16"]
[TimeControl "2700+45"]

1. d4 d5 2. Nf3 Nf6 3. e3 g6 4. Bd3 Bg7 5. O-O O-O 6. Nbd2 Nc6 7. b3 Nb4 8. Be2
Bf5 9. Ne1 c6 10. a3 Na6 11. Bb2 Nc7 12. Nef3 Nb5 13. Bxb5 cxb5 14. Rc1 Rc8 15.
Qe2 a6 16. c4 bxc4 17. bxc4 b5 18. cxb5 axb5 19. Qxb5 Rb8 20. Qc5 Rxb2 21. a4
Qd6 22. Qc3 Rfb8 23. a5 Ng4 24. h3 Nf6 25. Ra1 Rc2 26. Qa3 Qxa3 27. Rxa3 Ne4 28.
Nxe4 dxe4 29. Ne5 f6 30. Ng4 h5 31. Nh2 Bf8 32. a6 Rcb2 33. a7 Ra8 34. Rc1 e5
35. Ra6 exd4 36. exd4 Bh6 37. Rcc6 Bg5 38. Ra1 e3 39. fxe3 Bxe3+ 40. Kf1 Bd3+
41. Ke1 Bf2+ 42. Kd1 Bf5 43. Nf3 Bh4 44. Nxh4 {Black resigns} 1-0

[Event "Team 45 45 League T44"]
[Site "Internet Chess Club"]
[Date "2010.02.21"]
[Round "3"]
[White "BosqueVerde"]
[Black "dpmdpm"]
[Result "1/2-1/2"]
[WhiteElo "1106"]
[BlackElo "1408"]
[Opening "QGD Slav defense"]
[ECO "D10"]
[Time "12:00:18"]
[TimeControl "2700+45"]

1. d4 d5 2. c4 c6 3. Nc3 Nf6 4. Qc2 e6 5. Nf3 Nbd7 6. Bg5 c5 7. e4 dxe4 8. Nxe4
Be7 9. Bxf6 Nxf6 10. Rd1 Qc7 11. d5 exd5 12. cxd5 Nxe4 13. Qxe4 O-O 14. Bd3 g6
15. O-O Bf5 16. Qc4 Bxd3 17. Rxd3 Rad8 18. b3 Bd6 19. Re1 Rfe8 20. Rde3 Rxe3 21.
Rxe3 Qd7 22. Ng5 Re8 23. Rxe8+ Qxe8 24. Ne4 Qe7 25. g3 f5 26. Nxd6 Qxd6 27. b4
b6 28. bxc5 bxc5 29. Kg2 Kf7 30. f4 h6 31. h4 h5 {Game drawn by mutual
agreement} 1/2-1/2

[Event "Team 45 45 League T44"]
[Site "Internet Chess Club"]
[Date "2010.02.18"]
[Round "3"]
[White "LeanSixSigma"]
[Black "oldsj"]
[Result "0-1"]
[WhiteElo "1413"]
[BlackElo "1539"]
[Opening "Ruy Lopez: open, Bernstein variation"]
[ECO "C80"]
[Time "18:00:12"]
[TimeControl "2700+45"]

1. e4 e5 2. Nf3 Nc6 3. Bb5 a6 4. Ba4 Nf6 5. O-O Nxe4 6. d4 b5 7. Bb3 d5 8. dxe5
Be6 9. Nbd2 Nc5 10. c3 d4 11. Bxe6 Nxe6 12. cxd4 Ncxd4 13. Nxd4 Nxd4 14. Nf3 Ne6
15. Qxd8+ Rxd8 16. Be3 Bc5 17. Bxc5 Nxc5 18. Rac1 Ne6 19. Rc6 a5 20. Ra6 a4 21.
b3 axb3 22. axb3 Ke7 23. b4 Rd3 24. Ra5 Rd5 25. Re1 Rhd8 26. Kf1 Kd7 27. g3 Kc6
28. h4 h6 29. Kg2 Kb6 30. Rea1 Kc6 31. R1a2 Rd3 32. Ra6+ Kd7 33. R2a5 Rd5 34.
Ra7 Ke7 35. Rb7 f6 36. Rbxb5 Rxb5 37. Rxb5 fxe5 38. Rxe5 Kd6 39. Ra5 Rb8 40. b5
Rb6 41. Nd2 Kc5 42. Ne4+ Kb4 43. Ra1 Kxb5 44. Rb1+ Kc4 45. Nd2+ Kd3 46. Rxb6
cxb6 47. Nf3 b5 48. Ne5+ Kc3 49. Nc6 b4 50. Nxb4 Kxb4 51. Kf3 Kc5 52. Ke4 Kd6
53. f4 Ke7 54. Kf5 Kf7 55. h5 Nd4+ 56. Ke4 Ne2 57. g4 Kf6 58. Kf3 Nd4+ 59. Ke4
Ne6 60. Kf3 Nd4+ 61. Ke4 Ne2 62. Ke3 Nc1 63. Ke4 Ke6 64. g5 Ne2 65. f5+ Kf7 66.
gxh6 gxh6 67. Kf3 Nd4+ 68. Kg4 Kf6 69. Kf4 Nxf5 70. Kg4 Ng7 71. Kh4 Kf5 72. Kh3
Kf4 73. Kh4 Kf3 74. Kh3 Nxh5 75. Kh4 Ng7 76. Kh3 Nf5 77. Kh2 Kg4 78. Kh1 Kh3 79.
Kg1 Ng3 80. Kf2 Kh2 81. Kf3 h5 82. Kf2 h4 83. Kf3 h3 84. Kf2 Ne2 85. Kf1 Kg3
{White resigns} 0-1

[Event "Team 45 45 League T44"]
[Site "Internet Chess Club"]
[Date "2010.02.21"]
[Round "3"]
[White "moreffee"]
[Black "rookmaster23"]
[Result "0-1"]
[WhiteElo "1306"]
[BlackElo "1409"]
[Opening "Sicilian: Smith-Morra gambit"]
[ECO "B21"]
[Time "15:00:49"]
[TimeControl "2700+45"]

1. e4 c5 2. d4 cxd4 3. c3 dxc3 4. Nxc3 Nc6 5. Nf3 Nf6 6. Bc4 e6 7. Bf4 Bb4 8.
O-O Bxc3 9. bxc3 Nxe4 10. Qc2 Nf6 11. Bd6 a6 12. Bd3 b5 13. Nh4 Ne4 14. Ng6 hxg6
15. Bxe4 f5 16. Bf3 Bb7 17. Rfe1 Rc8 18. Bg4 Qg5 19. Bxf5 gxf5 20. f4 Nd4 21.
Rxe6+ dxe6 22. Qf2 Nf3+ 23. Kh1 Rxh2# {White checkmated} 0-1

[Event "Team 45 45 League T44"]
[Site "Internet Chess Club"]
[Date "2010.02.22"]
[Round "3"]
[White "mrmarck"]
[Black "beerss"]
[Result "0-1"]
[WhiteElo "1283"]
[BlackElo "1338"]
[Opening "French defense"]
[ECO "C00"]
[Time "20:00:33"]
[TimeControl "2700+45"]

1. e4 e6 2. Nf3 d5 3. exd5 exd5 4. d4 c6 5. Be2 Bd6 6. O-O Nf6 7. Bg5 Nbd7 8.
Nbd2 O-O 9. Re1 Qc7 10. h3 Ne4 11. Nf1 Nxg5 12. Nxg5 h6 13. Nf3 Nf6 14. Ng3 Bxg3
15. fxg3 Qxg3 16. Bf1 Bxh3 17. Qd3 Ng4 18. Re2 Nf6 19. Rae1 Bg4 20. Re3 Bxf3 21.
Rxf3 Qxe1 {White resigns} 0-1

[Event "Team 45 45 League T44"]
[Site "Internet Chess Club"]
[Date "2010.02.22"]
[Round "3"]
[White "chips"]
[Black "RancidTurnip"]
[Result "1-0"]
[WhiteElo "1248"]
[BlackElo "1185"]
[Opening "Polish (Sokolsky) opening"]
[ECO "A00"]
[Time "15:00:12"]
[TimeControl "2700+45"]

1. b4 e5 2. Bb2 Bxb4 3. Bxe5 d6 4. Bxg7 Ne7 5. Bxh8 Nbc6 6. Bf6 Bf5 7. Bc3 Bc5
8. d3 Ng6 9. e4 Be6 10. Qh5 Qe7 11. Qxh7 O-O-O 12. Qg7 Nge5 13. Bd2 Ng6 14. Qh6
Rh8 15. Qg5 Qd7 16. Bc3 Rh4 17. Nf3 Rg4 18. Qh6 Qe7 19. h3 Rf4 20. Bd2 Qf6 21.
c3 {Black resigns} 1-0

[Event "Team 45 45 League T44"]
[Site "Internet Chess Club"]
[Date "2010.02.21"]
[Round "3"]
[White "crazyhorses"]
[Black "mongmong"]
[Result "1-0"]
[WhiteElo "1486"]
[BlackElo "1550"]
[Opening "French: King's Indian attack"]
[ECO "C00"]
[Time "17:32:01"]
[TimeControl "2700+45"]

1. e4 e6 2. d3 d5 3. Nd2 Nf6 4. g3 c5 5. Bg2 Be7 6. Ngf3 b5 7. O-O Bb7 8. Re1
O-O 9. Nb3 a5 10. c3 Nc6 11. Bg5 a4 12. Bxf6 gxf6 13. exd5 axb3 14. dxc6 Bxc6
15. axb3 Rxa1 16. Qxa1 Bxf3 17. Bxf3 Qxd3 18. Be4 Qd7 19. Rd1 Qc7 20. Qa6 f5 21.
Bf3 b4 22. Qb5 Rd8 23. Rxd8+ Qxd8 24. Qe2 Bf6 25. Qe3 bxc3 26. bxc3 Bxc3 {Black
resigns} 1-0

[Event "Team 45 45 League T44"]
[Site "Internet Chess Club"]
[Date "2010.02.21"]
[Round "3"]
[White "oldprez"]
[Black "g8wrb"]
[Result "0-1"]
[WhiteElo "1451"]
[BlackElo "1534"]
[Opening "French: exchange variation"]
[ECO "C01"]
[Time "11:12:01"]
[TimeControl "2700+45"]

1. e4 e6 2. d4 d5 3. exd5 exd5 4. Nf3 Bg4 5. Be2 Nf6 6. O-O Bd6 7. c4 c6 8. Nc3
O-O 9. Bg5 dxc4 10. Bxc4 Nbd7 11. Ne4 Be7 12. Nxf6+ Bxf6 13. Bxf6 Qxf6 14. h3
Bxf3 15. Qxf3 Qxf3 16. gxf3 Rfe8 17. Rae1 Nf6 18. Re2 Rxe2 19. Bxe2 Rd8 20. Rd1
Nd5 21. Kh2 Rd6 22. Bc4 Kf8 23. Bxd5 Rxd5 24. f4 Ke7 25. Kg3 Kd7 26. Kf3 b6 27.
Ke2 Ke6 28. Rd3 Kf6 29. Rc3 Rd6 30. b4 Kf5 31. b5 cxb5 32. Rc7 Rxd4 33. Rxf7+
Kg6 34. Rxa7 Rxf4 35. Rb7 Rf6 36. Ke3 Kh6 37. Ke4 Rxf2 38. Rxb6+ Rf6 39. Rxb5
Ra6 40. Rb2 Ra3 41. Rh2 Kh5 42. Rg2 g6 43. Kf4 Kh4 44. Rg4+ Kxh3 45. Kg5 Ra5+
46. Kf4 Ra4+ {White resigns} 0-1

[Event "Team 45 45 League T44"]
[Site "Internet Chess Club"]
[Date "2010.02.20"]
[Round "3"]
[White "rd00d"]
[Black "MCJR"]
[Result "1-0"]
[WhiteElo "1428"]
[BlackElo "1355"]
[Opening "Sicilian: Nimzovich-Rossolimo attack (with ...g6, without ...d6)"]
[ECO "B31"]
[Time "13:02:01"]
[TimeControl "2700+45"]

1. e4 c5 2. Nf3 Nc6 3. Bb5 g6 4. O-O Bg7 5. Nc3 e6 6. Bxc6 dxc6 7. d3 Ne7 8. Be3
b6 9. Qd2 O-O 10. Bh6 Ba6 11. Rfd1 Qc7 12. Bxg7 Kxg7 13. Ne2 Rfd8 14. Qc3+ Kg8
15. Qf6 Nc8 16. Ne5 Qe7 17. Ng4 Qxf6 18. Nxf6+ Kg7 19. e5 Ne7 20. Ng3 Nd5 21.
Nge4 Nxf6 22. Nxf6 h5 23. Re1 c4 24. Rad1 cxd3 25. cxd3 Rxd3 26. Rxd3 Bxd3 27.
Re3 Rd8 28. f4 Bc4 29. b3 Rd1+ 30. Kf2 Rd2+ 31. Ke1 Rd3 32. Rxd3 Bxd3 33. Kd2
Be4 34. Nxe4 f5 35. Nd6 Kh6 36. Nc8 {Black resigns} 1-0

[Event "Team 45 45 League T44"]
[Site "Internet Chess Club"]
[Date "2010.02.21"]
[Round "3"]
[White "GiulioCre"]
[Black "Conjurer"]
[Result "0-1"]
[WhiteElo "1302"]
[BlackElo "1328"]
[Opening "Queen's pawn game"]
[ECO "D04"]
[Time "15:30:18"]
[TimeControl "2700+45"]

1. d4 Nf6 2. Nf3 d5 3. e3 c5 4. c3 e6 5. Bb5+ Nbd7 6. Bxd7+ Bxd7 7. O-O Bd6 8.
Nbd2 O-O 9. Re1 cxd4 10. exd4 Rc8 11. Ne5 Bb5 12. a4 Ba6 13. b4 b6 14. b5 Bb7
15. c4 a6 16. Ba3 Ne4 17. Nxe4 dxe4 18. Bxd6 Qxd6 19. Ra2 f6 20. Ng4 Rxc4 21.
Rd2 axb5 22. axb5 Rd8 23. Ne3 Rxd4 24. Ree2 Qb4 25. Rxd4 Rxd4 26. Re1 Rxd1 27.
Rxd1 Bd5 28. g3 Qxb5 29. Kg2 Qb3 30. h4 h5 31. Rc1 e5 32. Rc8+ Kh7 33. Kh3 Be6+
{White resigns} 0-1

[Event "Team 45 45 League T44"]
[Site "Internet Chess Club"]
[Date "2010.02.20"]
[Round "3"]
[White "yemisco1"]
[Black "GadsHill"]
[Result "1-0"]
[WhiteElo "1417"]
[BlackElo "1498"]
[Opening "Queen's pawn: Chigorin variation"]
[ECO "D00"]
[Time "15:00:31"]
[TimeControl "2700+45"]

1. d4 d5 2. Nc3 Nf6 3. g3 Bf5 4. Nf3 h6 5. Bg2 c6 6. O-O e6 7. a3 Bd6 8. Re1 O-O
9. Nh4 Bh7 10. e3 Nbd7 11. Nf3 c5 12. Ne2 cxd4 13. exd4 Rc8 14. c3 b5 15. Bf4
Nb6 16. Nd2 Na4 17. Qc1 Nb6 18. Nf3 a5 19. Be5 Nc4 20. Bxf6 Qxf6 21. Nd2 Qe7 22.
Nxc4 Rxc4 23. Nf4 Rfc8 24. Nxd5 Qd8 25. Nf4 Rxd4 26. Qe3 Rdc4 27. Rad1 e5 28.
Nd5 e4 29. Nb6 Bc5 30. Rxd8+ Rxd8 31. Nxc4 Bxe3 32. Nxe3 Rd2 33. Rd1 Rxd1+ 34.
Nxd1 {Black resigns} 1-0

[Event "Team 45 45 League T44"]
[Site "Internet Chess Club"]
[Date "2010.02.23"]
[Round "3"]
[White "wrimle"]
[Black "reverendjim"]
[Result "1-0"]
[WhiteElo "1551"]
[BlackElo "1445"]
[Opening "Caro-Kann: exchange, Rubinstein variation"]
[ECO "B13"]
[Time "15:00:22"]
[TimeControl "2700+45"]

1. e4 c6 2. d4 d5 3. exd5 cxd5 4. Bd3 Nc6 5. c3 Nf6 6. Bf4 Bg4 7. Qb3 Qc8 8. Nd2
e6 9. Ngf3 Be7 10. O-O O-O 11. Qc2 Bh5 12. Ne5 Bg6 13. Nxg6 hxg6 14. Nf3 Nh5 15.
Bg5 Bxg5 16. Nxg5 Nf4 17. Rae1 Qd8 18. h4 Qf6 19. g3 Nxd3 20. Qxd3 Rab8 21. Re3
b5 22. Rfe1 Rfe8 23. Rf3 Qd8 24. Nxf7 Qd7 25. Qxg6 Ne7 26. Qh5 Nf5 27. Ng5 Nh6
28. Qg6 Rb6 29. Qh7# {Black checkmated} 1-0

[Event "Team 45 45 League T44"]
[Site "Internet Chess Club"]
[Date "2010.02.20"]
[Round "3"]
[White "nozmov"]
[Black "sdcohle"]
[Result "0-1"]
[WhiteElo "1362"]
[BlackElo "1441"]
[Opening "King's gambit"]
[ECO "C30"]
[Time "12:35:14"]
[TimeControl "2700+45"]

1. f4 e5 2. e4 Bd6 3. Nf3 exf4 4. d4 f6 5. Bc4 Nc6 6. O-O Na5 7. Bxg8 Rxg8 8.
Re1 Nc6 9. Nbd2 Be7 10. e5 d6 11. exf6 gxf6 12. Ne4 Rf8 13. Bxf4 Bg4 14. h3 Bh5
15. g4 Bg6 16. Nh4 Qd7 17. Qd2 O-O-O 18. Nxg6 hxg6 19. a4 a6 20. b4 d5 21. Nc5
Bxc5 22. bxc5 f5 23. g5 Rfe8 24. Re5 Nxe5 25. dxe5 d4 26. a5 Qd5 27. Qb4 Qc6 28.
Rb1 Rd5 29. c4 dxc3 30. Rb3 Rxc5 31. Be3 Rb5 32. Qd4 Rxb3 33. Qa7 Rb1+ 34. Kf2
Rb2+ 35. Kg3 Qg2+ {White resigns} 0-1